Map: 워터폴

Players

Serral

  • Race: Zerg Zerg
  • Spawn Location: 1:00

Bunny - Winner!

  • Race: Terran Terran
  • Spawn Location: 7:00

Event: DreamHack SC2 Masters 2022 Atlanta (Offline)

VOD

Have the link to the VOD?

Description

Time

  • Played on: Nov. 18, 2022, 6:21 p.m.
  • Length: 24:13

All games in this series

Show
View Real Time Build Order
Export as new Build Order

Serral Zerg 

Build Orders: Pool First, Lurkers 

Get SALT Encoding   

  12  0:00  Drone  
  13  0:11  Overlord  
  13  0:16  Drone  
  14  0:30  Drone x2  
  14  0:33  Drone  
  17  0:45  Spawning Pool  
  17  0:48  Drone  
  17  1:07  Hatchery  
  17  1:10  Drone  
  17  1:15  Drone, Extractor  
  17  1:19  Drone  
  18  1:32  Zergling x2, Queen  
  21  1:38  Overlord  
  21  1:50  Drone  
  22  1:59  Drone  
  23  2:07  Queen  
  25  2:15  Drone  
  25  2:22  Hatchery  
  25  2:28  Roach Warren  
  23  2:30  Drone  
  23  2:34  Drone  
  25  2:37  Drone  
  25  2:41  Drone  
  27  2:46  Drone  
  27  2:50  Overlord  
  28  3:08  Roach x3  
  28  3:11  Roach x2  
  38  3:17  Roach x2  
  42  3:23  Overlord  
  42  3:33  Drone  
  43  3:38  Roach  
  43  3:40  Drone  
  43  3:41  Drone x2  
  48  3:44  Drone  
  49  3:50  Drone x4  
  53  3:55  Overlord  
  53  4:05  Drone x4  
  53  4:06  Drone  
  56  4:11  Queen  
  56  4:14  Drone  
  56  4:15  Drone  
  58  4:20  Drone x2  
  58  4:21  Drone  
  61  4:24  Overlord  
  61  4:27  Overlord  
  61  4:30  Overlord  
  61  4:35  Lair  
  61  4:37  Extractor  
  60  4:43  Roach x2  
  60  4:44  Drone x2  
  66  4:46  Drone  
  66  4:47  Drone  
  66  4:51  Overlord  
  66  4:52  Drone x2  
  70  4:54  Drone x2  
  70  4:57  Drone x2  
  70  4:58  Drone  
  75  5:01  Evolution Chamber  
  75  5:05  Drone x2  
  73  5:08  Drone  
  73  5:10  Drone  
  73  5:11  Drone x2  
  77  5:16  Zergling x2  
  77  5:17  Drone  
  79  5:22  Zergling x2  
  79  5:23  Spore Crawler, Drone  
  79  5:24  Drone x3  
  79  5:27  Drone  
  84  5:29  Extractor  
  84  5:30  Extractor  
  84  5:31  Queen  
  84  5:32  Overlord  
  84  5:34  Overseer  
  84  5:37  Drone  
  84  5:38  Drone  
  84  5:39  Glial Reconstitution  
  86  5:43  Drone  
  86  5:48  Overlord  
  86  5:49  Drone  
  88  5:54  Drone  
  88  5:55  Drone x3  
  88  5:56  Evolution Chamber x2  
  89  5:58  Drone  
  89  5:59  Drone x4, Extractor  
  89  6:00  Extractor  
  91  6:06  Drone  
  91  6:08  Roach x2  
  96  6:13  Overlord  
  96  6:15  Overlord  
  96  6:19  Overlord  
  96  6:21  Drone x2  
  96  6:24  Zerg Ground Armor Level 1  
  98  6:26  Infestation Pit, Zerg Missile Weapons Level 1  
  98  6:30  Overlord  
  98  6:32  Hatchery  
  96  6:35  Overlord  
  96  6:37  Roach  
  98  6:42  Roach x3  
  98  6:46  Roach  
  98  6:47  Roach x2  
  110  6:49  Ravager x3  
  110  6:50  Metabolic Boost  
  113  6:55  Overlord  
  113  7:03  Infestor x2  
  113  7:04  Overlord  
  113  7:05  Zergling x10  
  122  7:09  Zergling x8  
  122  7:13  Drone  
  122  7:15  Hydralisk Den  
  126  7:20  Zergling x8  
  128  7:25  Overlord  
  128  7:27  Hive  
  128  7:30  Queen  
  128  7:32  Overlord  
  128  7:34  Overlord  
  128  7:35  Zergling x8  
  133  7:41  Overlord  
  133  7:50  Roach x3  
  133  7:51  Roach, Lurker Den  
  140  7:55  Overlord  
  140  7:57  Zergling x8  
  144  8:02  Zergling x2  
  144  8:03  Zergling x6  
  146  8:06  Drone  
  146  8:07  Drone x3  
  150  8:13  Drone  
  150  8:14  Hydralisk x3  
  150  8:16  Hydralisk  
  159  8:21  Hydralisk x2  
  159  8:24  Extractor  
  159  8:25  Extractor  
  160  8:27  Drone x2  
  159  8:38  Drone x2  
  159  8:39  Zerg Melee Weapons Level 1, Zerg Ground Armor Level 2  
  161  8:43  Viper x2  
  161  8:44  Overlord  
  161  8:47  Queen  
  169  8:48  Drone  
  169  8:49  Drone  
  169  8:50  Seismic Spines  
  169  8:53  Lurker  
  172  9:06  Drone  
  172  9:09  Lurker x3  
  176  9:14  Drone  
  176  9:17  Zergling x14  
  181  9:20  Lurker  
  181  9:32  Lurker, Hatchery  
  181  9:37  Nydus Network  
  180  9:42  Spore Crawler  
  180  9:43  Spore Crawler  
  180  9:44  Spore Crawler, Adrenal Glands  
  180  9:45  Drone x2  
  177  9:46  Spore Crawler  
  177  9:47  Adaptive Talons  
  176  9:54  Burrow  
  176  9:57  Drone  
  176  9:58  Drone x7  
  184  10:00  Baneling Nest  
  184  10:02  Drone x5  
  184  10:03  Spore Crawler, Drone x2  
  184  10:04  Spore Crawler  
  184  10:06  Hydralisk x4  
  185  10:10  Zergling x6  
  185  10:11  Zergling x2  
  187  10:26  Hydralisk x2  
  187  10:27  Zergling x8  
  190  10:30  Pneumatized Carapace  
  190  10:35  Grooved Spines, Overseer  
  190  10:38  Drone x3  
  190  10:40  Lurker x3  
  190  10:41  Lurker, Overseer  
  190  10:42  Zergling x4  
  199  10:44  Overseer, Centrifugal Hooks  
  199  10:49  Zerg Melee Weapons Level 2  
  198  11:01  Drone x2  
  200  11:05  Hatchery  
  200  11:10  Drone x2  
  196  11:12  Drone x2  
  196  11:15  Drone  
  193  11:20  Drone x3  
  193  11:23  Drone  
  189  11:26  Overlord  
  189  11:28  Spore Crawler  
  189  11:29  Zerg Ground Armor Level 3  
  189  11:30  Zergling x30  
  196  11:41  Zergling x10  
  196  11:46  Muscular Augments  
  194  11:48  Drone x6  
  194  11:52  Hatchery  
  185  11:57  Drone x2  
  185  11:58  Drone x5  
  185  11:59  Drone x2  
  185  12:01  Zergling x10  
  192  12:05  Hydralisk  
  188  12:12  Zergling x10  
  188  12:17  Viper x2  
  190  12:24  Zergling x2  
  190  12:25  Zergling x12  
  190  12:29  Baneling x11  
  197  12:30  Baneling x6  
  197  12:37  Overlord  
  197  12:43  Overlord  
  194  13:04  Spire  
  194  13:05  Zergling x26, Zerg Missile Weapons Level 2  
  187  13:07  Zergling x16  
  187  13:12  Zergling x2  
  196  13:14  Queen  
  198  13:24  Baneling x8  
  198  13:30  Hatchery  
  183  13:35  Zergling x20  
  183  13:38  Queen  
  183  13:39  Queen  
  183  13:43  Zergling x18  
  192  13:50  Spore Crawler  
  192  13:52  Spore Crawler  
  192  13:55  Zergling x14  
  197  13:57  Hatchery  
  197  14:00  Zergling x2  
  197  14:01  Zergling x6  
  196  14:05  Baneling x8  
  196  14:06  Zerg Melee Weapons Level 3  
  196  14:08  Baneling  
  196  14:14  Baneling x2  
  196  14:16  Greater Spire  
  195  14:18  Baneling x9  
  195  14:20  Drone x4, Unknown  
  195  14:21  Drone x2  
  201  14:27  Hatchery  
  172  14:35  Viper x2  
  172  14:37  Zergling x20, Hydralisk x2  
  164  14:39  Zergling x10  
  164  14:43  Zergling x2  
  164  14:44  Zergling x12  
  177  14:51  Infestor x2  
  177  14:52  Extractor  
  179  14:53  Zergling x8  
  183  15:02  Baneling x4  
  183  15:04  Zergling x20  
  192  15:12  Baneling x2  
  189  15:14  Zergling x2  
  189  15:15  Zergling x18  
  189  15:18  Overseer  
  191  15:25  Zergling x26  
  191  15:26  Infestor  
  198  15:34  Baneling x2  
  198  15:36  Baneling  
  198  15:37  Baneling x14, Overseer  
  198  15:39  Zerg Missile Weapons Level 3  
  198  15:41  Zergling x2  
  198  15:42  Zergling x2  
  199  15:48  Zergling x26  
  199  15:53  Baneling x9  
  199  15:55  Zergling x2  
  190  16:09  Zergling x26  
  184  16:12  Zergling x2  
  184  16:13  Zergling x30  
  184  16:14  Baneling x5  
  184  16:15  Baneling x2  
  198  16:19  Infestor  
  198  16:23  Hatchery  
  198  16:24  Zergling x14  
  198  16:25  Zergling x4  
  200  16:27  Baneling x7  
  193  16:34  Zergling x16  
  193  16:35  Zergling x2  
  193  16:36  Zerg Flyer Weapons Level 1  
  185  16:43  Baneling  
  185  16:44  Baneling x17  
  185  16:45  Infestor  
  185  16:46  Hydralisk x3  
  185  16:47  Zergling x16  
  192  16:50  Zergling x4  
  192  16:52  Baneling  
  192  16:53  Baneling x9  
  197  16:56  Zergling x4  
  187  17:12  Zergling x16  
  187  17:13  Zergling x16  
  187  17:15  Zergling x6  
  176  17:20  Viper  
  176  17:22  Baneling x6  
  179  17:25  Zergling x22  
  179  17:29  Neural Parasite  
  190  17:35  Hatchery  
  173  17:54  Corruptor x11  
  173  17:56  Drone  
  173  17:57  Extractor x2  
  191  18:10  Hatchery  
  190  18:13  Drone x6  
  190  18:32  Spore Crawler  
  187  18:35  Spore Crawler x3, Brood Lord x6  
  187  18:36  Spore Crawler x3  
  187  18:37  Brood Lord x3  
  187  18:39  Spore Crawler, Overlord  
  187  18:40  Overlord  
  198  18:45  Hatchery  
  197  18:48  Pathogen Glands  
  197  18:51  Viper  
  197  18:55  Zergling x12  
  196  19:02  Zergling x24  
  196  19:03  Brood Lord  
  196  19:04  Brood Lord  
  196  19:07  Overlord  
  198  19:17  Baneling x6  
  198  19:19  Overseer  
  198  19:20  Zerg Flyer Weapons Level 2  
  198  19:24  Infestor  
  196  19:34  Hatchery  
  196  19:36  Zergling x30  
  196  19:40  Baneling x8  
  196  19:43  Infestor x2  
  192  19:45  Zergling x16  
  192  19:46  Zergling x4  
  198  19:55  Hatchery  
  198  19:59  Zergling x10  
  173  20:15  Zergling x4  
  173  20:16  Zergling x28  
  156  20:23  Zergling x2  
  156  20:24  Zergling x8  
  146  20:29  Zergling x2, Hatchery  
  146  20:30  Zergling x6, Overseer  
  146  20:34  Zergling x2  
  140  20:35  Infestor  
  140  20:36  Zergling x4  
  140  20:40  Viper  
  144  20:44  Viper  
  144  20:46  Infestor  
  144  20:48  Baneling x8  
  147  20:50  Zergling x10  
  147  20:56  Hydralisk x2, Unknown  
  151  21:04  Zergling x12  
  161  21:10  Zergling x8  
  165  21:12  Infestor  
  165  21:19  Zergling x8  
  168  21:33  Hatchery  
  168  21:34  Zergling x10  
  169  21:44  Zergling x10  
  169  21:45  Zergling x10  
  177  21:51  Infestor  
  179  21:59  Overseer  
  179  22:17  Hatchery  
  179  22:20  Baneling x5  
  179  22:21  Zergling x18  
  183  22:28  Zergling x6  
  186  22:35  Zergling x6  
  189  22:37  Overlord  
  189  22:38  Baneling x2  
  186  22:47  Baneling x5  
  186  22:48  Baneling  
  186  22:51  Overseer  
  153  23:07  Zergling x28  
  153  23:10  Zergling x6  
  123  23:14  Zergling x4  
  123  23:15  Zergling x2  
  123  23:17  Overseer  
  100  23:20  Hydralisk  
  97  23:27  Overseer  
  97  23:28  Hydralisk x3  
  89  23:35  Zergling x8  
  89  23:40  Zergling x6  
  91  23:47  Zergling x8  
  91  23:55  Zergling x6  
  91  23:56  Zergling x4  
Show
View Real Time Build Order
Export as new Build Order

Bunny Terran - Winner!

Build Orders: Reaper Expand 

Get SALT Encoding   

  12  0:00  SCV  
  13  0:12  SCV  
  14  0:16  Supply Depot  
  14  0:24  SCV  
  15  0:38  SCV  
  15  0:39  Barracks  
  15  0:42  Refinery  
  16  0:50  SCV  
  17  1:02  SCV  
  18  1:14  SCV  
  19  1:26  Reaper, Orbital Command  
  20  1:39  Command Center  
  20  1:45  Refinery  
  20  1:51  SCV  
  21  1:55  Supply Depot  
  21  1:59  Reaper  
  22  2:04  SCV  
  23  2:17  SCV  
  23  2:18  Factory  
  24  2:29  SCV  
  25  2:32  Barracks Reactor  
  25  2:41  SCV  
  26  2:50  Orbital Command  
  26  2:53  SCV  
  27  3:07  SCV  
  27  3:09  Starport  
  28  3:14  Hellion  
  28  3:15  Hellion  
  28  3:17  SCV, Barracks Tech Lab  
  28  3:19  SCV  
  34  3:22  Supply Depot  
  34  3:29  SCV  
  34  3:31  SCV  
  36  3:34  Bunker  
  36  3:35  Hellion  
  36  3:36  Hellion  
  36  3:38  Marauder  
  36  3:40  Bunker  
  42  3:46  Viking  
  44  3:50  Supply Depot  
  44  3:52  SCV  
  44  3:53  SCV  
  45  4:06  SCV x2  
  45  4:18  Stimpack  
  45  4:20  SCV  
  45  4:22  SCV, Command Center  
  47  4:32  SCV  
  47  4:33  Barracks  
  47  4:34  SCV  
  47  4:36  Marine  
  47  4:37  Barracks  
  47  4:38  Starport Reactor  
  50  4:39  Factory Tech Lab  
  50  4:43  Supply Depot  
  50  4:46  SCV x2  
  52  4:58  SCV x2  
  52  4:59  Engineering Bay x2  
  50  5:10  Marine  
  50  5:11  Siege Tank  
  50  5:12  SCV x2  
  50  5:15  Refinery x2  
  50  5:23  Starport Reactor  
  50  5:24  SCV x2  
  50  5:26  Supply Depot  
  50  5:28  Terran Infantry Armor Level 1, Terran Infantry Weapons Level 1  
  52  5:36  SCV x2  
  52  5:38  Marine x3  
  52  5:39  Marine x2  
  59  5:43  Siege Tank  
  59  5:48  SCV  
  59  5:49  SCV  
  64  5:54  Barracks  
  64  5:57  Barracks  
  64  5:58  Orbital Command  
  64  6:04  Medivac x2  
  64  6:05  Combat Shield  
  64  6:08  SCV x2  
  70  6:12  Marine x3  
  70  6:13  Marine  
  70  6:14  Marine  
  75  6:19  Siege Tank  
  75  6:22  SCV x2  
  75  6:24  SCV  
  81  6:33  Supply Depot  
  81  6:34  SCV x2  
  81  6:36  SCV  
  81  6:37  Marine  
  85  6:41  Marine x2  
  85  6:42  Barracks Reactor  
  85  6:43  Marine  
  85  6:44  Barracks Reactor, Marine  
  85  6:46  Medivac  
  91  6:47  Medivac  
  91  6:51  Supply Depot x2  
  93  6:54  Supply Depot  
  93  6:56  Supply Depot, Siege Tank  
  93  6:59  SCV x3  
  99  7:03  Armory  
  99  7:09  Marine x2  
  99  7:12  Marine x3  
  104  7:18  Marine x2  
  104  7:21  Supply Depot x2  
  103  7:23  Medivac x2  
  103  7:26  Marine  
  103  7:27  Marine x3  
  103  7:28  Siege Tank  
  113  7:30  Marine x2  
  113  7:31  SCV x2  
  113  7:32  SCV  
  118  7:37  Refinery  
  118  7:39  Supply Depot x2  
  118  7:43  Marine  
  118  7:44  Marine x3  
  119  7:48  Marauder  
  119  7:49  Concussive Shells, Marine x3  
  119  7:50  Marine  
  128  7:57  SCV x3  
  131  8:03  Siege Tank  
  131  8:05  Command Center  
  128  8:07  Marine  
  128  8:08  Marine x3  
  128  8:10  Marine x2  
  128  8:12  Marine  
  134  8:24  Marine  
  134  8:25  Marine  
  134  8:26  Factory  
  129  8:28  Medivac x2  
  129  8:32  Marine  
  129  8:33  Marine x4  
  132  8:35  Siege Tank  
  132  8:36  Terran Infantry Weapons Level 2  
  132  8:43  Terran Infantry Armor Level 2  
  132  8:48  SCV  
  132  8:49  SCV x2  
  132  8:50  Supply Depot  
  132  8:51  Refinery  
  132  8:52  Supply Depot  
  132  8:54  Terran Vehicle Weapons Level 1, Marauder  
  137  8:58  Marine x4  
  141  9:07  Marine x2  
  143  9:10  Siege Tank  
  146  9:17  Barracks  
  146  9:18  SCV x3, Barracks  
  146  9:20  Barracks  
  146  9:23  Supply Depot  
  149  9:25  Sensor Tower  
  149  9:29  Factory Tech Lab  
  147  9:32  Supply Depot  
  147  9:40  Medivac, Sensor Tower  
  147  9:41  Planetary Fortress  
  147  9:42  Siege Tank  
  151  9:46  SCV x3  
  151  9:50  Refinery x2, Siege Tank  
  157  9:53  Marauder  
  159  10:00  Marine x7  
  164  10:07  Barracks Tech Lab  
  164  10:08  Barracks Tech Lab x2  
  164  10:09  Marine  
  165  10:15  Marauder  
  165  10:16  Ghost Academy  
  165  10:17  Marine  
  165  10:18  Marine x6  
  174  10:22  Siege Tank x2  
  174  10:27  Marine  
  181  10:32  Command Center  
  181  10:34  Missile Turret  
  181  10:38  Medivac  
  181  10:40  Medivac  
  185  10:47  Missile Turret  
  185  10:53  Command Center  
  185  10:58  Siege Tank x2  
  183  11:12  Enhanced Shockwaves  
  183  11:14  Supply Depot  
  183  11:15  Supply Depot x2  
  164  11:35  Siege Tank  
  164  11:36  Marauder x4, Siege Tank  
  175  11:49  Marine x5  
  153  11:56  Ghost  
  153  11:57  SCV, Marauder, Ghost x2  
  153  11:58  SCV  
  153  11:59  Marine x3  
  155  12:04  SCV x2  
  155  12:05  Sensor Tower  
  155  12:06  Marine  
  155  12:07  Missile Turret  
  155  12:09  SCV  
  153  12:17  Ghost  
  153  12:18  Marine x3  
  153  12:21  Planetary Fortress  
  153  12:22  Orbital Command  
  159  12:24  Marine  
  159  12:25  Ghost x3  
  159  12:28  Refinery, Siege Tank  
  169  12:34  Command Center  
  165  12:39  Personal Cloaking  
  165  12:43  SCV x3  
  165  12:44  SCV  
  169  12:46  Ghost  
  171  12:54  Siege Tank  
  173  13:00  Siege Tank  
  161  13:05  Ghost x2  
  161  13:11  Missile Turret  
  165  13:14  Terran Vehicle Weapons Level 2  
  165  13:20  Marine x3  
  165  13:21  Liberator, Marine x3  
  165  13:22  Liberator  
  174  13:39  Siege Tank  
  174  13:40  Siege Tank  
  180  13:42  Command Center  
  180  13:44  Ghost x2  
  184  13:58  Sensor Tower  
  184  14:01  Terran Infantry Weapons Level 3, Missile Turret x3  
  184  14:30  Siege Tank x2  
  181  14:36  Marauder  
  167  14:39  Planetary Fortress  
  167  14:41  Marauder x3, Marine x4  
  167  14:42  Liberator, Marine x4  
  167  14:43  Liberator  
  187  14:46  SCV  
  187  14:47  SCV x4  
  192  14:56  Refinery  
  192  14:57  Marauder  
  192  14:59  Refinery, Nuke  
  194  15:02  Marauder  
  195  15:19  Siege Tank  
  198  15:27  Siege Tank  
  197  15:29  Marauder  
  197  15:30  Sensor Tower, Marine  
  197  15:33  Missile Turret  
  197  15:34  Terran Infantry Armor Level 3  
  200  15:38  Command Center  
  196  15:51  Siege Tank  
  197  15:59  Siege Tank  
  192  16:06  Marauder x4, Marine  
  192  16:08  Marine x7  
  189  16:23  Siege Tank  
  189  16:24  Marine  
  188  16:26  Marine x7  
  188  16:29  Ghost x2  
  195  16:36  Marine x2  
  182  16:42  Marine  
  182  16:43  Marine  
  182  16:44  Siege Tank, Marine x6  
  185  16:54  Marine x2  
  185  16:55  Siege Tank  
  185  16:58  Marine x2  
  185  16:59  Marine  
  193  17:01  Marine  
  193  17:02  Sensor Tower, Unknown, Marine x2  
  189  17:15  Ghost x3  
  176  17:16  Ghost  
  176  17:19  Marine x2  
  176  17:20  Sensor Tower, Marine x6  
  176  17:21  Missile Turret  
  187  17:35  Siege Tank  
  187  17:36  Siege Tank  
  193  17:37  Marine x6  
  196  17:46  Ghost x2  
  196  17:48  Marine  
  198  17:59  Ghost  
  200  18:08  Command Center  
  200  18:10  Missile Turret x2  
  198  18:20  Ghost  
  198  18:24  Nuke  
  198  18:25  Terran Vehicle Weapons Level 3  
  200  18:51  Ghost x2  
  200  18:52  Ghost  
  188  18:59  Ghost  
  188  19:03  Thor  
  188  19:05  Planetary Fortress  
  194  19:11  Command Center  
  194  19:12  Factory  
  194  19:20  Ghost x3  
  200  19:39  Planetary Fortress  
  199  19:58  Refinery  
  199  20:01  Refinery  
  187  20:14  Thor x2  
  175  20:16  Marine x12  
  155  20:33  Marine  
  155  20:34  Marine x7, Ghost x4  
  162  20:35  SCV  
  162  20:36  SCV x4  
  162  20:41  Viking  
  161  20:46  Unknown  
  161  20:48  Viking  
  162  20:51  Marine x3  
  162  20:52  Marine x3  
  162  20:57  Thor, Factory Tech Lab  
  167  21:02  Ghost x3  
  167  21:03  Terran Vehicle And Ship Armor Level 1  
  177  21:04  Planetary Fortress  
  177  21:07  Marine x3  
  177  21:09  Marine x2  
  181  21:14  Thor  
  172  21:33  Thor  
  172  21:39  Liberator x2  
  183  21:50  Marine x9  
  183  21:52  Siege Tank  
  189  21:59  SCV  
  180  22:22  Viking x2, Siege Tank x2  
  182  22:23  Marauder x4, Marine x5  
  182  22:26  Marine x3  
  197  22:41  Marine x3  
  200  22:54  Missile Turret  
  200  22:55  Missile Turret  
  170  23:08  Marauder x3  
  170  23:09  Marine  
  170  23:10  Marine x7  
  142  23:13  Thor x2  
  142  23:16  SCV  
  137  23:21  SCV  
  138  23:30  Marine x3  
  139  24:00  Missile Turret  
  139  24:01  Sensor Tower  
Tags
 
Add a new tag
Caveats
  • Supply blocks, unpowered buildings, or Contaminate may cause inaccurate times.
  • Supply counts are checked every 10 seconds.